 Dungeon Crawl Stone Soup version 0.26-a0-1102-g347fe5baa7 (webtiles) character file.

Game seed: 9982187455996423307

53 dolemite99 the Chopper (level 3, -2/27 HPs)
             Began as a Hill Orc Delver on Dec 16, 2020.
             Was an Initiate of Hepliaklqana.
             Slain by an orc
             ... wielding a +2 hand axe of flaming
              (3 damage)
             ... on level 3 of the Dungeon.
             The game lasted 00:01:39 (707 turns).

dolemite99 the Chopper (Hill Orc Delver)             Turns: 707, Time: 00:01:40

Health: -2/27      AC:  3    Str: 15    XL:     3   Next: 87%
Magic:  3/3        EV: 11    Int: 10    God:    Hepliaklqana [......]
Gold:   6          SH:  0    Dex: 12    Spells: 2/2 levels left

rFire    . . .     SeeInvis .   a - +0 hand axe
rCold    . . .     Faith    .   (no shield)
rNeg     . . .     Spirit   .   b - +0 leather armour
rPois    .         Reflect  .   (no helmet)
rElec    .         Harm     .   (no cloak)
rCorr    .         Rampage  .   (no gloves)
Will     .....                  (no boots)
Stlth    +.........             (no amulet)
HPRegen  0.09/turn              (no ring)
MPRegen  0.08/turn              (no ring)

@: confused
A: reduced essence
a: Recall Ancestor, Ancestor Identity, Renounce Religion


You were on level 3 of the Dungeon.
You worshipped Hepliaklqana.
Hepliaklqana was noncommittal.
You visited 2 branches of the dungeon, and saw 4 of its levels.

You collected 6 gold pieces.

Inventory:

Hand Weapons
 a - a +0 hand axe (weapon)
 f - a +2 falchion of holy wrath
 j - a +0 trident
Missiles
 k - 31 arrows
Armour
 b - a +0 leather armour (worn)
 l - a +0 scale mail
Wands
 g - a wand of digging (3)
Scrolls
 c - a scroll of fog
 d - a scroll of magic mapping
 e - a scroll of fear
 h - a scroll of enchant weapon {unknown}
 i - 2 scrolls of identify {unknown}


   Skills:
 - Level 3.6 Fighting
 + Level 5.4 Axes
 - Level 1.5 Dodging
 - Level 4.1 Stealth


You had 2 spell levels left.
You didn't know any spells.
Your spell library was empty.

Dungeon Overview and Level Annotations

Branches:
Dungeon (5/15)             Temple (1/1) D:5

Altars:
Ashenzari
Cheibriados
Elyvilon
Fedhas
Hepliaklqana
Nemelex Xobeh
Okawaru
Ru
Trog
Uskayaw
Vehumet
Xom
Yredelemnul


Message History

An orc comes into view.
It is wielding a +2 hand axe of flaming.
A rat comes into view.
The orc wizard shouts!
The orc shouts!
The orc wizard hits you but does no damage.
You see here a +0 hand axe.
The orc wizard casts a spell at you.
You are confused.
The rat bites you.
Something hits Busisiwe but does no damage.
The orc hits you with a +2 hand axe of flaming.
* * * LOW HITPOINT WARNING * * *
The orc burns you.
* * * LOW HITPOINT WARNING * * *
You aren't carrying any potions.
You aren't carrying any potions.
You bump into the rock wall.
The orc hits you with a +2 hand axe of flaming.
* * * LOW HITPOINT WARNING * * *
The orc burns you.
You die...

#..... ...............#
......# #(.##........
...>...## #............
........####...R.o.###
..........))..o.#....#
?.......###.....##.#.....
.........>r.)..###R###.oo
........###r#..###.o.##..
........@oo..o........o..
.......#######.#####.##..
.!..... #.# ..# . .......
#.# #.# ....... ... .#
..... .#. .# . #. .# ..
.#


You could see an orc wizard, 2 orcs and a rat.

Vanquished Creatures
  An orc wizard (Temple)
  An adder skeleton (D:4)
  5 orcs
  A hobgoblin (D:3)
8 creatures vanquished.

Vanquished Creatures (collateral kills)
  A dart slug (D:3)
  2 orcs
  A kobold (D:3)
  A rat (D:3)
5 creatures vanquished.

Vanquished Creatures (others)
  2 ancestors
2 creatures vanquished.

Grand Total: 15 creatures vanquished

Notes
Turn   | Place    | Note
-------+----------+-------------------------------------------
     0 | D:5      | dolemite99 the Hill Orc Delver began the quest for the Orb.
     0 | D:5      | Reached XP level 1. HP: 19/19 MP: 1/1
    24 | D:5      | Found a staircase to the Ecumenical Temple.
    28 | D:5      | Noticed an orc wizard
    33 | Temple   | Entered the Ecumenical Temple
    45 | Temple   | Killed an orc wizard
    46 | Temple   | Reached skill level 4 in Axes
    46 | Temple   | Reached XP level 2. HP: 18/26 MP: 2/2
    46 | Temple   | Reached XP level 3. HP: 22/31 MP: 3/3
   163 | Temple   | Became a worshipper of Hepliaklqana the Forgotten
   207 | D:4      | Found a sparkling altar of Nemelex Xobeh.
   412 | D:4      | Reached skill level 5 in Axes
   707 | D:3      | HP: 1/27 [orc/+2 hand axe of flaming (5)]
   707 | D:3      | Slain by an orc

Illustrated notes

Levels and vault maps discovered:
D:3:      layout_rooms
D:4:      layout_basic, chequers_temple_overflow_minitemple,
          nemelex_xobeh_ov_fountains_minmay, uniq_crazy_yiuf_cottage
D:5:      layout_gridville, minmay_temple_entry_ruins, serial_shops, shop
Temple:   nicolae_temple_hex_pool

Skill      XL: |  1  2  3 |
---------------+----------+-----
Axes           | 4 5 |  5.4
Fighting       | |  3.6
Dodging        | |  1.5
Stealth        | |  4.1

Action                   || total
-------------------------++-------
Melee: Hand axe          ||    53
  Use: Potion            ||     1
Armor: Leather armour    ||    20
Dodge: Dodged            ||    34

Table legend: (Time is in decaauts)
 A = Elapsed time spent in this place.
 B = Non-inter-level travel time spent in this place.
 C = Inter-level travel time spent in this place.
 D = Time resting spent in this place.
 E = Time spent auto-exploring this place.
 F = Levels seen in this place.
 G = Mean time per level.
                   A        B        C        D        E       F      G
               +--------+--------+--------+--------+--------+-----+--------+
         Total |    691 |    670 |     21 |    375 |     32 |   4 |  172.8 |
       Dungeon |    555 |    555 |      0 |    351 |     32 |   3 |  185.0 |
        Temple |    135 |    114 |     21 |     24 |      0 |   1 |  135.0 |
               +--------+--------+--------+--------+--------+-----+--------+

Top non-repeatable levels by time:
     D:4: 400 daAuts
  Temple: 135 daAuts
     D:3: 100 daAuts
     D:5: 54 daAuts
